 Dungeon Crawl Stone Soup version 0.29-a0-1039-gfc20370e89 (webtiles) character file.

Game seed: 8432838126700719719

78 Plasmagod the Chopper (level 4, -1/39 HPs)
             Began as a Minotaur Fighter on Aug 15, 2022.
             Slain by a worm (9 damage)
             ... on level 3 of the Dungeon.
             The game lasted 00:02:03 (1290 turns).

Plasmagod the Chopper (Minotaur Fighter)            Turns: 1290, Time: 00:02:03

Health: -1/39      AC:  6    Str: 22    XL:     4   Next: 15%
Magic:  3/3        EV:  9    Int:  5    God:
Gold:   52         SH:  9    Dex: 10    Spells: 3/3 levels left

rFire   . . .      SeeInvis .   g - +4 whip
rCold   . . .      Faith    .   c - +0 buckler
rNeg    . . .      Spirit   .   b - +0 scale mail
rPois   .          Reflect  +   (helmet restricted)
rElec   .          Harm     .   (no cloak)
rCorr   .          Rampage  .   (no gloves)
Will    .....                   (no boots)
Stlth   ..........              h - amulet of reflection
HPRegen 0.13/turn               (no ring)
MPRegen 0.08/turn               (no ring)

@: no status effects
A: horns 2, retaliatory headbutt
a: no special abilities


You were on level 3 of the Dungeon.
You visited 1 branch of the dungeon, and saw 3 of its levels.

You collected 52 gold pieces.

Inventory:

Hand Weapons
 a - a +0 war axe
 g - a +4 whip (weapon)
Armour
 b - a +0 scale mail (worn)
 c - a +0 buckler (worn)
Jewellery
 h - an amulet of reflection (around neck)
Scrolls
 f - 2 scrolls of vulnerability {unknown}
 i - 2 scrolls of teleportation {unknown}
 j - a scroll of noise {unknown}
 k - a scroll of identify {unknown}
 o - a scroll of fear {unknown}
Potions
 d - a potion of might
 e - a potion of brilliance {unknown}
 l - a potion of curing {unknown}
 m - 2 potions of heal wounds {unknown}
 n - a potion of flight {unknown}


   Skills:
 - Level 3.6 Fighting
 + Level 5.4 Axes
 - Level 3.6 Armour
 - Level 3.6 Shields


You had 3 spell levels left.
You didn't know any spells.
Your spell library contained the following spells:

 Spells                   Type           Power      Damage    Failure   Level
 Iskenderun's Battlesphe  Conj           0%         2d6       100%        5
 Iron Shot                Conj/Erth      0%         9d1       100%        6
 Spellforged Servitor     Conj/Summ      0%         N/A       100%        7


Dungeon Overview and Level Annotations

Branches:
Dungeon (3/15)

Altars:

Portals:
Sewer: D:3


Innate Abilities, Weirdness & Mutations

You have a pair of horns on your head.
You reflexively headbutt those who attack you in melee.


Message History

You completely miss the rat. You block the rat's attack.
You barely miss the rat. You block the rat's attack.
You completely miss the rat. Your headbutt misses the rat.
The rat barely misses you.
You closely miss the rat. The rat closely misses you.
You hit the rat.
You kill the rat!
Things that are here:
a giant cockroach corpse; a worm corpse; the felid corpse of Natasha A worm and a giant cockroach come into view.
Found an escape hatch in the floor.
You are too injured to fight recklessly!
You are too injured to fight recklessly!
You are too injured to fight recklessly!
You whack the giant cockroach!
You kill the giant cockroach!
You hit the worm. You headbutt the worm.
The worm is moderately wounded.
You block the worm's attack.
You barely miss the worm.
The worm is moderately wounded.
You hit the worm.
The worm is moderately wounded.
The worm bites you!
* * * LOW HITPOINT WARNING * * *
You whack the worm!
The worm is heavily wounded.
You barely miss the worm. You headbutt the worm.
The worm is almost dead.
The worm bites you but does no damage.
You hit the worm.
The worm is almost dead.
The worm bites you.
* * * LOW HITPOINT WARNING * * *
You hit the worm but do no damage.
The worm is almost dead.
You hit the worm.
The worm is almost dead.
The worm bites you!
You die...

.#### ..#. #.. ### #.#
#.# ##.# #.# # #..###.#
#.#
..(..<.#############...#
...........##..........#
####.#####.##...@w.....#
#.# #..†...~~~....# #.#
####..~~~~~...# ...
>....~~∩~~.... ..#
###...~~~~~...# ##.#
#....~~~....# ..#
#...........# ###
#...........#
######......


You could see a worm.

Vanquished Creatures
  Natasha (D:3)
  A gnoll (D:1)
  A worm (D:3)
  3 dart slugs
  3 bats
  2 endoplasms (D:1)
  3 giant cockroaches (D:3)
  5 goblins
  2 hobgoblins (D:1)
  3 jackals (D:1)
  2 quokkas
  2 ball pythons
  A frilled lizard (D:2)
  3 kobolds
  3 rats
35 creatures vanquished.

Notes
Turn   | Place    | Note
-------+----------+-------------------------------------------
     0 | D:1      | Plasmagod the Minotaur Fighter began the quest for the Orb.
     0 | D:1      | Reached XP level 1. HP: 19/19 MP: 0/0
    89 | D:1      | Reached skill level 3 in Axes
   172 | D:1      | Reached XP level 2. HP: 23/26 MP: 1/1
   468 | D:1      | Reached skill level 4 in Axes
   721 | D:1      | Reached XP level 3. HP: 31/31 MP: 2/2
  1212 | D:2      | You fall into a shaft and drop 1 floor!
  1241 | D:3      | Found a glowing drain.
  1242 | D:3      | Noticed Natasha
  1249 | D:3      | Killed Natasha
  1250 | D:3      | Reached skill level 5 in Axes
  1250 | D:3      | Reached XP level 4. HP: 19/39 MP: 3/3
  1290 | D:3      | Slain by a worm

Illustrated notes

Levels and vault maps discovered:
D:1:      dpeg_arrival_signposts, layout_rooms
D:2:      layout_basic, basic_ecumenical_altar, minmay_misc_feat_secret_circle
D:3:      minmay_skewed_foursquare, layout_loops_ring, portal_sewer_entry_a,
          serial_shops, nicolae_shop_advertising_works
          [nicolae_subvault_shop_adworks], nicolae_figureground_sparkle,
          uniq_robin, uniq_grinder, uniq_ijyb, uniq_natasha

Skill      XL: |  1  2  3 |
---------------+----------+-----
Axes           | 3 4 5 |  5.4
Fighting       | |  3.6
Armour         | |  3.6
Shields        | |  3.6

Action                   |  1- 3 |  4- 6 || total
-------------------------+-------+-------++-------
Melee: War axe           |    28 |       ||    28
       Whip              |    38 |    34 ||    72
       Headbutt          |     5 |     5 ||    10
Armor: Scale mail        |    20 |     9 ||    29
Dodge: Dodged            |    28 |     3 ||    31
Block: Buckler           |    17 |     7 ||    24

Table legend: (Time is in decaauts)
 A = Elapsed time spent in this place.
 B = Non-inter-level travel time spent in this place.
 C = Inter-level travel time spent in this place.
 D = Time resting spent in this place.
 E = Time spent auto-exploring this place.
 F = Levels seen in this place.
 G = Mean time per level.
                   A        B        C        D        E       F      G
               +--------+--------+--------+--------+--------+-----+--------+
         Total |   1300 |   1244 |     56 |      0 |   1025 |   3 |  433.3 |
       Dungeon |   1300 |   1244 |     56 |      0 |   1025 |   3 |  433.3 |
               +--------+--------+--------+--------+--------+-----+--------+

Top non-repeatable levels by time:
     D:1: 980 daAuts
     D:2: 242 daAuts
     D:3: 77 daAuts
